 Dungeon Crawl Stone Soup version 0.18.1-50-g88ac8fd (console) character file.

1990 Kloppie the Cleaver (level 9, -10/124 HPs)
             Began as a Hill Orc Berserker on Oct 25, 2016.
             Was a Priest of Trog.
             Mangled by an orc wizard
             ... wielding a +0 dagger of electrocution
              (17 damage)
             ... on level 7 of the Dungeon.
             The game lasted 00:08:31 (5679 turns).

Kloppie the Cleaver (Hill Orc Berserker)            Turns: 5679, Time: 00:08:32

Health: -10/124    AC: 24    Str: 23    XL:     9   Next: 21%
Magic:  9/9        EV:  2    Int:  7    God:    Trog [***...]
Gold:   233        SH:  0    Dex: 10    Spells: 0 memorised, 8 levels left

rFire  . . .     SeeInvis .     a - +0 hand axe
rCold  . . .     Gourm    +     (armour currently unavailable)
rNeg   + + +     Faith    .     (no shield)
rPois  +         Spirit   .     (helmet currently unavailable)
rElec  .         Dismiss  .     (cloak currently unavailable)
rCorr  .         Reflect  .     (gloves currently unavailable)
SustAt .         Harm     .     (boots currently unavailable)
MR     +++..     NoTele   +     A - amulet of the gourmand
Stlth  +.........               (no ring)
                                z - ring of protection from magic

@: exhausted, tree-form, regenerating, slowed, heavily drained, very slow,
extremely resistant to hostile enchantments, very unstealthy
A: no striking features
a: Berserk, Trog's Hand, Burn Spellbooks, Renounce Religion


You were on level 7 of the Dungeon.
You worshipped Trog.
Trog was most pleased with you.
You were full.
You were a tree.
You visited 1 branch of the dungeon, and saw 7 of its levels.

You collected 233 gold pieces.

Inventory:

Hand Weapons
 a - a +0 hand axe (weapon)
Armour
 s - a +0 cloak (melded)
 t - a +0 helmet (melded)
 v - a +0 chain mail (melded)
Rods
 J - a +1 rod of inaccuracy (9/9)
   (You found it on level 6 of the Dungeon)
Jewellery
 z - a ring of protection from magic (left branch)
 A - an amulet of the gourmand (around neck)
 D - an uncursed ring of ice
 E - an uncursed ring of fire
Wands
 C - a wand of flame (19/48)
Scrolls
 b - 4 scrolls of remove curse
 u - 2 scrolls of fear
 w - 2 scrolls of fog {unknown}
 x - a scroll of enchant weapon {unknown}
 y - 2 scrolls of recharging {unknown}
Potions
 d - 3 potions of might
 e - a potion of flight
 i - a potion of lignification
 j - 4 potions of degeneration {unknown}
 o - 2 potions of brilliance {unknown}
 q - a potion of haste {unknown}
 r - a potion of heal wounds {unknown}
 B - a potion of invisibility {unknown}
 G - a potion of berserk rage {unknown}
 H - a potion of magic {unknown}
Books
 m - a book of Battle

   Spells                             Type                      Level
   a - Infusion                       Charms                       1
   b - Shroud of Golubria             Charms/Translocation         2
   c - Song of Slaying                Charms                       2
   d - Spectral Weapon                Hexes/Charms                 3
   e - Regeneration                   Charms/Necromancy            3
   Trog disapproves of the use of such an item.
 n - a book of Enchantments

   Spells                             Type                      Level
   a - Cause Fear                     Hexes                        4
   b - Yara's Violent Unravelling     Hexes/Transmutation          5
   c - Silence                        Hexes/Air                    5
   d - Deflect Missiles               Charms/Air                   6
   e - Haste                          Charms                       6
   f - Discord                        Hexes                        8
   Trog disapproves of the use of such an item.
Comestibles
 c - 3 bread rations
 f - a meat ration
 k - 2 slices of pizza
 F - a beef jerky


   Skills:
 + Level 9.2(7.6) Fighting
 + Level 9.8(8.2) Axes
 + Level 7.4(5.9) Armour
 - Level 1.5(0.3) Dodging


You had 8 spell levels left.
You didn't know any spells.

Dungeon Overview and Level Annotations

Branches:
Dungeon (7/15)
 Temple: D:4-7

Altars:
Ashenzari
Okawaru
Ru
Vehumet
Yredelemnul
Zin


Message History

The orc wizard gestures wildly while chanting.
The orc wizard blinks!
The orc wizard barely misses you. The orc hits you but does no damage.
You closely miss the orc wizard.
The orc wizard is moderately wounded.
You feel the effects of Trog's Hand fading.
The orc wizard mumbles some strange words.
The orc wizard flickers and vanishes!
Deactivating autopickup; reactivate with Ctrl-A.
The orc hits you but does no damage. Something hits you but does no damage.
You barely miss something. The orc hits you but does no damage.
Something hits you but does no damage.
You hit something. The orc hits you but does no damage.
Something hits you but does no damage.
You are electrocuted!
* * * LOW HITPOINT WARNING * * *
The orc wizard gestures wildly while chanting.
The orc wizard blinks!
You closely miss something. The orc hits you but does no damage.
Something hits you but does no damage.
You are electrocuted!
You die...

... ... #.. #..#
.# ##..### #..# .#
.o...# #..# .#
#..#.# #..# .#
#..#..##..# .#
#..#.#.#..# .#
#..).....o###.#
####...)....§o{♣.#
.......).....#####
.......!.....#
.....###.#####
##### ###


You could see 2 orcs.

Vanquished Creatures
  Grinder (D:6)
  A water moccasin (D:6)
  3 ice beasts (D:5)
  A phantom (D:6)
  2 centaurs (D:6)
  A big kobold (D:7)
  A giant frog (D:6)
  Blork the orc (D:6)
  A scorpion (D:4)
  A water moccasin skeleton (D:6)
  The ghost of mamajk0 the Insei, a weakling DsMo (D:3)
  3 wights (D:7)
  A crimson imp (D:6)
  6 hounds
  2 giant frog zombies (D:5)
  A jelly (D:6)
  2 orc priests (D:4)
  An iguana (D:6)
  An orc wizard (D:3)
  3 worker ants (D:5)
  A hound zombie (D:7)
  A worker ant zombie (D:5)
  7 adders
  2 gnolls
  A shadow imp (D:5)
  An ooze (D:2)
  An adder skeleton (D:4)
  A worm (D:2)
  4 giant geckos
  7 orcs
  8 bats
  5 giant cockroaches
  2 gnoll zombies (D:6)
  4 goblins
  13 hobgoblins
  18 jackals
  2 quokkas (D:2)
  2 ball pythons
  4 giant newts
  13 kobolds
  5 rats
136 creatures vanquished.

Notes
Turn   | Place    | Note
--------------------------------------------------------------
     0 | D:1      | Kloppie the Hill Orc Berserker began the quest for the Orb.
     0 | D:1      | Reached XP level 1. HP: 19/19 MP: 1/1
    55 | D:1      | Reached XP level 2. HP: 22/27 MP: 2/2
   711 | D:1      | Reached ** piety under Trog
   711 | D:1      | Reached XP level 3. HP: 27/33 MP: 3/3
  1153 | D:2      | Reached skill level 5 in Axes
  1343 | D:2      | Reached XP level 4. HP: 27/41 MP: 4/4
  1625 | D:2      | Reached skill level 5 in Fighting
  1851 | D:3      | Noticed mamajk0's ghost (weakling DsMo)
  1864 | D:3      | Killed mamajk0's ghost
  1864 | D:3      | Reached XP level 5. HP: 48/48 MP: 5/5
  1915 | D:3      | Found an iron altar of Okawaru.
  2134 | D:3      | Found a glowing silver altar of Zin.
  2200 | D:3      | Reached *** piety under Trog
  2688 | D:4      | Noticed a phantom
  2984 | D:4      | Reached XP level 6. HP: 45/57 MP: 6/6
  3875 | D:5      | Entered Level 5 of the Dungeon
  4012 | D:5      | Found a radiant altar of Vehumet.
  4059 | D:5      | Reached XP level 7. HP: 37/64 MP: 7/7
  4123 | D:5      | Reached skill level 5 in Armour
  4498 | D:5      | Reached XP level 8. HP: 60/73 MP: 8/8
  4525 | D:6      | Noticed Grinder
  4527 | D:6      | Paralysed by Grinder for 2 turns
  4533 | D:6      | Killed Grinder
  4788 | D:6      | Reached **** piety under Trog
  4802 | D:6      | Found a sacrificial altar of Ru.
  4883 | D:6      | Found a shattered altar of Ashenzari.
  4943 | D:6      | Noticed Blork the orc
  4951 | D:6      | Killed Blork the orc
  5179 | D:6      | Reached XP level 9. HP: 76/82 MP: 9/9
  5293 | D:6      | Identified a +1 rod of inaccuracy (9/9) (You found it on level 6 of the Dungeon)
  5298 | D:6      | Found a basalt altar of Yredelemnul.
  5678 | D:7      | HP: 5/124 [something (15)]
  5679 | D:7      | Mangled by an orc wizard

Skill      XL: |  1  2  3  4  5  6  7  8  9 |
---------------+----------------------------+-----
Fighting       | 4 5 6 7 8 9 |  9.2
Axes           | 5 6 8 9 |  9.8
Armour         | 3 4 5 6 7 |  7.4
Dodging        | |  1.5

Action                   |  1- 3 |  4- 6 |  7- 9 || total
-------------------------+-------+-------+-------++-------
Melee: Hand axe          |   118 |   234 |   319 ||   671
Invok: Berserk           |     3 |     2 |     3 ||     8
       Trog's Hand       |       |       |     2 ||     2
  Use: Scroll            |       |       |     9 ||     9
       Potion            |       |       |     2 ||     2
  Eat: Chunk             |     5 |    11 |    15 ||    31
Armor: Animal skin       |    16 |       |       ||    16
       Scale mail        |    13 |    65 |       ||    78
       Chain mail        |       |    51 |   198 ||   249
       Skin              |       |       |    10 ||    10
Dodge: Dodged            |    87 |   121 |   125 ||   333
